[ AOE2 MATCH · #507226197 ]
UnrankedByzantines vs Burmese
Player's team · WIN
Rival team · LOSS
[ REPLAY ANALYSIS · EXTRACTED FROM THE RECORDED GAME ]
Feudal
8:51
Castle
19:33
Imperial
31:24
| APM avg | 84.8 |
| APM peak | 110 |
| eAPM avg | 40.7 |
| Villagers / military | 153 / 79 |
Focus
⚔️ 49.8% · 🌾 50.2%
Archer ×51 · Camel Scout ×9 · Scout Cavalry ×8 · Trebuchet (Packed) ×4 · Monk ×3 · Mangonel ×3
Feudal
8:51
Castle
20:22
Imperial
—
| APM avg | 71.9 |
| APM peak | 108 |
| eAPM avg | 28.5 |
| Villagers / military | 120 / 76 |
Focus
⚔️ 40.1% · 🌾 59.9%
Battle Elephant ×21 · Skirmisher ×20 · Scout Cavalry ×10 · Battering Ram ×7 · Knight ×5 · Monk ×4
Match map
Initial resources + every placement click. Lines = walls · curves = elevation contours. ◆ gold · ⬟ stone · ● berries · ✦ relic · ◌ wall gap
Your base· Open — unwalled flank
ϟ OLI ϟ Rodrixs's base· ✓ Closed at 20:22 · 39t walls · 1 gate(s)
Smoothed initial terrain · ◌ = detected wall gap · hover for details
Inputs per minute
— Rayzor - - ϟ OLI ϟ Rodrixs
Build order — Rayzor
First 150 of 365 actions detected
| 0:00 | Create | Villager (Male) ×4 |
| 0:01 | Create | Villager (Male) ×4 |
| 0:02 | Build | House |
| 0:02 | Build | House |
| 1:24 | Create | Villager (Male) |
| 1:24 | Create | Villager (Male) |
| 1:49 | Build | Lumber Camp |
| 1:57 | Create | Villager (Male) |
| 2:01 | Create | Villager (Male) |
| 2:01 | Create | Villager (Male) |
| 2:42 | Create | Villager (Male) |
| 2:43 | Create | Villager (Male) |
| 2:54 | Create | Villager (Male) |
| 2:54 | Create | Villager (Male) |
| 3:02 | Build | House |
| 3:37 | Create | Villager (Male) |
| 3:37 | Create | Villager (Male) |
| 4:04 | Create | Villager (Male) |
| 4:04 | Create | Villager (Male) |
| 4:12 | Create | Villager (Male) |
| 4:12 | Create | Villager (Male) |
| 4:37 | Build | Mill |
| 4:46 | Create | Villager (Male) |
| 4:46 | Create | Villager (Male) |
| 4:47 | Create | Villager (Male) |
| 5:28 | Create | Villager (Male) |
| 5:28 | Create | Villager (Male) |
| 5:51 | Create | Villager (Male) |
| 6:06 | Research | Loom |
| 6:33 | Build | House |
| 6:39 | Research | Feudal Age |
| 6:57 | Build | Palisade Wall |
| 7:10 | Create | Villager (Male) |
| 7:29 | Build | Barracks |
| 7:52 | Create | Villager (Male) |
| 7:54 | Build | House |
| 8:18 | Build | Palisade Wall |
| 8:19 | Build | Palisade Wall |
| 8:20 | Build | Palisade Wall |
| 8:21 | Build | Palisade Wall |
| 8:22 | Build | Palisade Wall |
| 8:29 | Create | Villager (Male) |
| 8:51 | Age | Feudal Age |
| 8:52 | Build | Archery Range |
| 8:57 | Create | Villager (Male) |
| 9:11 | Research | Double-Bit Axe |
| 9:29 | Build | Mining Camp |
| 9:30 | Create | Villager (Male) |
| 9:38 | Create | Archer |
| 9:41 | Create | Villager (Male) |
| 9:47 | Create | Villager (Male) |
| 9:58 | Build | House |
| 10:01 | Build | House |
| 10:03 | Build | House |
| 10:24 | Create | Villager (Male) |
| 10:30 | Create | Villager (Male) |
| 10:49 | Build | Blacksmith |
| 10:55 | Build | Palisade Wall |
| 10:55 | Build | Palisade Wall |
| 11:02 | Create | Archer |
| 11:02 | Create | Archer |
| 11:03 | Create | Villager (Male) |
| 11:23 | Build | Farm |
| 11:25 | Build | Farm |
| 11:43 | Create | Archer |
| 11:45 | Create | Villager (Male) |
| 11:52 | Build | Farm |
| 12:01 | Create | Archer |
| 12:01 | Create | Archer |
| 12:15 | Build | Farm |
| 12:35 | Create | Villager (Male) |
| 12:39 | Build | Farm |
| 12:50 | Build | Farm |
| 12:54 | Research | Fletching |
| 12:55 | Research | Fletching |
| 13:09 | Create | Villager (Male) |
| 13:16 | Build | Palisade Wall |
| 13:24 | Create | Villager (Male) |
| 13:26 | Build | Farm |
| 13:31 | Create | Villager (Male) |
| 13:32 | Create | Archer |
| 13:32 | Create | Archer |
| 13:44 | Build | Palisade Wall |
| 14:08 | Build | Palisade Gate |
| 14:12 | Build | Palisade Wall |
| 14:17 | Create | Villager (Male) |
| 14:24 | Build | Farm |
| 14:25 | Build | Farm |
| 14:26 | Build | Farm |
| 14:30 | Build | Farm |
| 14:30 | Build | Farm |
| 14:32 | Create | Villager (Male) |
| 14:35 | Create | Archer |
| 15:05 | Build | Lumber Camp |
| 15:11 | Create | Archer |
| 15:12 | Create | Villager (Male) |
| 15:21 | Create | Villager (Male) |
| 15:41 | Build | Stable |
| 15:50 | Create | Archer |
| 15:58 | Build | House |
| 16:02 | Create | Villager (Male) |
| 16:03 | Create | Archer |
| 16:53 | Research | Castle Age |
| 17:05 | Create | Archer |
| 17:05 | Create | Archer |
| 17:09 | Research | Horse Collar |
| 17:22 | Build | House |
| 17:34 | Create | Scout Cavalry |
| 17:41 | Create | Villager (Male) |
| 17:46 | Build | House |
| 17:47 | Build | House |
| 17:48 | Build | House |
| 17:51 | Create | Archer |
| 17:51 | Create | Archer |
| 18:02 | Build | Farm |
| 18:02 | Build | Farm |
| 18:21 | Create | Scout Cavalry |
| 18:28 | Build | Farm |
| 18:29 | Build | Farm |
| 19:15 | Create | Villager (Male) |
| 19:21 | Build | House |
| 19:33 | Age | Castle Age |
| 19:35 | Research | Crossbowman (upgrade) |
| 19:36 | Research | Bodkin Arrow |
| 19:40 | Build | Town Center |
| 19:43 | Build | Monastery |
| 19:51 | Create | Camel Scout |
| 19:51 | Create | Camel Scout |
| 20:09 | Create | Villager (Male) |
| 20:13 | Create | Camel Scout |
| 20:13 | Create | Camel Scout |
| 20:14 | Create | Camel Scout |
| 20:17 | Build | Siege Workshop |
| 20:24 | Create | Villager (Male) |
| 20:24 | Create | Archer |
| 20:26 | Create | Villager (Male) |
| 20:37 | Create | Villager (Male) |
| 20:44 | Create | Villager (Male) |
| 20:57 | Create | Villager (Male) |
| 21:08 | Create | Mangonel |
| 21:12 | Create | Villager (Male) |
| 21:13 | Build | Farm |
| 21:14 | Build | Farm |
| 21:19 | Create | Archer |
| 21:26 | Create | Villager (Male) |
| 21:30 | Create | Mangonel |
| 21:35 | Create | Villager (Male) |
| 21:35 | Create | Villager (Male) |
| 21:37 | Create | Villager (Male) |
| 21:40 | Create | Archer |
Build order — ϟ OLI ϟ Rodrixs
First 150 of 355 actions detected
| 0:01 | Create | Villager (Male) |
| 0:02 | Build | House |
| 0:03 | Build | House |
| 0:05 | Create | Villager (Male) |
| 0:12 | Create | Villager (Male) |
| 0:12 | Create | Villager (Male) |
| 1:25 | Create | Villager (Male) |
| 2:03 | Create | Villager (Male) |
| 2:05 | Build | Lumber Camp |
| 2:21 | Create | Villager (Male) |
| 2:53 | Create | Villager (Male) |
| 3:04 | Create | Villager (Male) |
| 3:27 | Create | Villager (Male) |
| 3:51 | Create | Villager (Male) |
| 3:52 | Build | House |
| 3:53 | Build | House |
| 4:07 | Create | Villager (Male) |
| 4:30 | Create | Villager (Male) |
| 4:57 | Create | Villager (Male) |
| 5:17 | Create | Villager (Male) |
| 5:18 | Research | Loom |
| 5:33 | Build | Barracks |
| 6:35 | Research | Feudal Age |
| 6:50 | Create | Militia |
| 6:50 | Create | Militia |
| 7:04 | Create | Militia |
| 7:31 | Build | Mill |
| 7:36 | Create | Militia |
| 7:53 | Build | House |
| 8:15 | Create | Villager (Male) |
| 8:51 | Age | Feudal Age |
| 8:53 | Research | Man-at-Arms (upgrade) |
| 9:04 | Create | Villager (Male) |
| 9:10 | Build | Palisade Wall |
| 9:13 | Build | Palisade Wall |
| 9:14 | Build | Palisade Wall |
| 9:20 | Research | Horse Collar |
| 9:23 | Create | Villager (Male) |
| 9:46 | Build | Palisade Wall |
| 9:48 | Build | Palisade Wall |
| 10:01 | Create | Villager (Male) |
| 10:14 | Build | Farm |
| 10:23 | Create | Villager (Male) |
| 10:36 | Build | Farm |
| 10:39 | Build | Archery Range |
| 10:44 | Create | Villager (Male) |
| 10:48 | Build | House |
| 10:54 | Build | Palisade Wall |
| 10:55 | Build | Palisade Wall |
| 10:59 | Create | Villager (Male) |
| 11:01 | Build | Farm |
| 11:27 | Create | Villager (Male) |
| 11:45 | Create | Villager (Male) |
| 11:47 | Create | Skirmisher |
| 11:48 | Build | Palisade Gate |
| 11:50 | Build | House |
| 11:55 | Build | Farm |
| 11:56 | Build | Farm |
| 12:04 | Build | Farm |
| 12:20 | Create | Skirmisher |
| 12:23 | Build | Palisade Wall |
| 12:29 | Build | Farm |
| 12:33 | Create | Villager (Male) |
| 12:42 | Create | Skirmisher |
| 12:53 | Build | Farm |
| 12:56 | Create | Villager (Male) |
| 13:01 | Create | Skirmisher |
| 13:15 | Create | Villager (Male) |
| 13:18 | Build | Farm |
| 13:27 | Create | Skirmisher |
| 13:29 | Create | Villager (Male) |
| 13:36 | Create | Skirmisher |
| 13:48 | Build | Farm |
| 13:50 | Build | Farm |
| 13:51 | Create | Skirmisher |
| 13:59 | Create | Villager (Male) |
| 14:02 | Build | House |
| 14:14 | Create | Villager (Male) |
| 14:19 | Build | Farm |
| 14:28 | Build | House |
| 14:53 | Build | Mining Camp |
| 14:57 | Create | Villager (Male) |
| 15:01 | Create | Skirmisher |
| 15:32 | Create | Villager (Male) |
| 15:36 | Create | Skirmisher |
| 15:55 | Build | Blacksmith |
| 15:59 | Build | House |
| 16:06 | Create | Villager (Male) |
| 16:11 | Create | Skirmisher |
| 16:19 | Build | Farm |
| 16:23 | Build | House |
| 16:39 | Create | Villager (Male) |
| 16:48 | Build | House |
| 16:50 | Build | House |
| 17:04 | Create | Villager (Male) |
| 17:07 | Build | House |
| 17:10 | Build | Farm |
| 17:31 | Build | Lumber Camp |
| 17:42 | Research | Castle Age |
| 17:43 | Research | Castle Age |
| 18:04 | Create | Skirmisher |
| 18:06 | Research | Padded Archer Armor |
| 18:25 | Create | Skirmisher |
| 18:33 | Research | Fletching |
| 18:53 | Create | Spearman |
| 18:57 | Create | Skirmisher |
| 19:25 | Create | Villager (Male) |
| 19:27 | Build | Farm |
| 19:27 | Build | Farm |
| 19:31 | Research | Gold Mining |
| 19:32 | Create | Skirmisher |
| 19:45 | Build | House |
| 19:47 | Build | House |
| 19:59 | Create | Skirmisher |
| 20:22 | Age | Castle Age |
| 20:23 | Research | Bodkin Arrow |
| 20:23 | Research | Bodkin Arrow |
| 20:27 | Build | House |
| 20:28 | Build | House |
| 20:31 | Build | House |
| 20:36 | Research | Elite Skirmisher (upgrade) |
| 20:48 | Create | Villager (Male) |
| 20:57 | Create | Villager (Male) |
| 21:07 | Create | Villager (Male) |
| 21:22 | Build | Town Center |
| 21:31 | Create | Skirmisher |
| 21:31 | Create | Skirmisher |
| 21:35 | Create | Villager (Male) |
| 21:39 | Build | Monastery |
| 22:06 | Create | Villager (Male) |
| 22:11 | Create | Skirmisher |
| 22:17 | Build | Town Center |
| 22:20 | Build | Palisade Wall |
| 22:23 | Create | Monk |
| 22:25 | Create | Villager (Male) |
| 22:32 | Create | Villager (Male) |
| 22:35 | Build | Farm |
| 22:37 | Build | Farm |
| 22:46 | Create | Villager (Male) |
| 22:53 | Build | Farm |
| 22:57 | Create | Monk |
| 22:59 | Create | Villager (Male) |
| 23:10 | Create | Villager (Male) |
| 23:20 | Build | Monastery |
| 23:24 | Create | Villager (Male) |
| 23:28 | Create | Skirmisher |
| 23:44 | Create | Villager (Male) |
| 23:57 | Create | Villager (Male) |
| 23:58 | Build | Mill |
| 24:00 | Build | Farm |
Match timeline
| 5:33 | ϟ OLI ϟ Rodrixs · first_building Barracks |
| 6:57 | Rayzor · wall_segment Palisade Wall x4 |
| 7:29 | Rayzor · first_building Barracks |
| 8:18 | Rayzor · wall_segment Palisade Wall x1 |
| 8:19 | Rayzor · wall_segment Palisade Wall x1 |
| 8:20 | Rayzor · wall_segment Palisade Wall x2 |
| 8:21 | Rayzor · wall_segment Palisade Wall x1 |
| 8:22 | Rayzor · wall_segment Palisade Wall x1 |
| 8:51 | Rayzor · age_up feudal |
| 8:51 | ϟ OLI ϟ Rodrixs · age_up feudal |
| 8:52 | Rayzor · first_building Archery Range |
| 9:10 | ϟ OLI ϟ Rodrixs · wall_segment Palisade Wall x3 |
| 9:13 | ϟ OLI ϟ Rodrixs · wall_segment Palisade Wall x2 |
| 9:14 | ϟ OLI ϟ Rodrixs · wall_segment Palisade Wall x6 |
| 9:46 | ϟ OLI ϟ Rodrixs · wall_segment Palisade Wall x4 |
| 9:48 | ϟ OLI ϟ Rodrixs · wall_segment Palisade Wall x6 |
| 10:39 | ϟ OLI ϟ Rodrixs · first_building Archery Range |
| 10:54 | ϟ OLI ϟ Rodrixs · wall_segment Palisade Wall x5 |
| 10:55 | Rayzor · wall_segment Palisade Wall x1 |
| 10:55 | ϟ OLI ϟ Rodrixs · wall_segment Palisade Wall x5 |
| 10:55 | Rayzor · wall_segment Palisade Wall x1 |
| 12:23 | ϟ OLI ϟ Rodrixs · wall_segment Palisade Wall x9 |
| 13:16 | Rayzor · wall_segment Palisade Wall x2 |
| 13:44 | Rayzor · wall_segment Palisade Wall x1 |
| 14:12 | Rayzor · wall_segment Palisade Wall x1 |
| 15:41 | Rayzor · first_building Stable |
| 19:33 | Rayzor · age_up castle |
| 19:43 | Rayzor · first_building Monastery |
| 20:17 | Rayzor · first_building Siege Workshop |
| 20:22 | ϟ OLI ϟ Rodrixs · age_up castle |
| 21:39 | ϟ OLI ϟ Rodrixs · first_building Monastery |
| 22:20 | ϟ OLI ϟ Rodrixs · wall_segment Palisade Wall x1 |
| 28:03 | ϟ OLI ϟ Rodrixs · first_building Stable |
| 29:09 | ϟ OLI ϟ Rodrixs · first_market_sell 100 food |
| 29:10 | ϟ OLI ϟ Rodrixs · first_market_buy 100 stone |
| 29:19 | ϟ OLI ϟ Rodrixs · first_building Castle |
| 30:10 | Rayzor · first_market_buy 100 stone |
| 31:24 | Rayzor · age_up imperial |
| 31:25 | Rayzor · first_building Castle |
| 32:06 | ϟ OLI ϟ Rodrixs · first_building Siege Workshop |
| 32:28 | Rayzor · first_market_sell 100 stone |
| 35:31 | Rayzor · wall_segment Stone Wall x1 |
| 35:33 | Rayzor · wall_segment Stone Wall x1 |
| 36:01 | ϟ OLI ϟ Rodrixs · resign |
[ AI ANALYSIS · 1 CREDIT ]
What really happened in this match?
Wolo.gg analyzes every decision: build order, eco, micro, common mistakes by bracket. Personalized analysis on WhatsApp or Discord in 30 seconds.
Civ guide
Byzantines
Perfil
Rayzor